 Dungeon Crawl Stone Soup version 0.29.0-10-g45618ea6d2 (webtiles) character file.

Game seed: 9700614279214791588

22 xian the Gusty (level 2, -4/19 HPs)
             Began as a Demonspawn Air Elementalist on Sept 2, 2022.
             Slain by Sigmund
             ... wielding a +0 scythe
              (8 damage)
             ... on level 2 of the Dungeon.
             The game lasted 00:02:46 (1354 turns).

xian the Gusty (Demonspawn Air Elementalist)        Turns: 1354, Time: 00:02:48

Health: -4/19      AC:  6    Str:  8    XL:     2   Next: 68%
Magic:  3/5        EV: 12    Int: 16    God:
Gold:   51         SH:  0    Dex: 13    Spells: 2/5 levels left

rFire   . . .      SeeInvis .   e - +0 dagger
rCold   . . .      Faith    .   (no shield)
rNeg    . . .      Spirit   .   a - +0 robe
rPois   .          Reflect  .   (helmet restricted)
rElec   .          Harm     .   (no cloak)
rCorr   .          Rampage  .   (no gloves)
Will    .....                   (no boots)
Stlth   ++........              (no amulet)
HPRegen 0.06/turn               h - +4 ring of protection
MPRegen 0.09/turn               (no ring)

@: no status effects
A: horns 1
a: no special abilities


You were on level 2 of the Dungeon.
You visited 1 branch of the dungeon, and saw 2 of its levels.

You collected 51 gold pieces.

Inventory:

Hand Weapons
 e - a +0 dagger (weapon)
Armour
 a - a +0 robe (worn)
Jewellery
 h - a +4 ring of protection (left hand)
Scrolls
 c - 2 scrolls of identify {unknown}
 d - a scroll of teleportation {unknown}
 g - a scroll of enchant armour {unknown}
Potions
 f - a potion of degeneration {unknown}
 i - a potion of haste {unknown}
 j - a potion of invisibility {unknown}


   Skills:
 + Level 1.7 Dodging
 + Level 1.8 Stealth
 + Level 0.2 Unarmed Combat
 + Level 2.3 Spellcasting
 + Level 1.0 Conjurations
 + Level 3.2 Air Magic


You had 2 spell levels left.
You knew the following spells:

 Your Spells              Type           Power      Damage    Failure   Level
a - Shock                 Conj/Air       32%        1d5       9%          1
b - Static Discharge      Conj/Air       8%         3-4/arc   13%         2

Your spell library contained the following spells:

 Spells                   Type           Power      Damage    Failure   Level
 Swiftness                Air            12%        N/A       16%         3
 Airstrike                Air            6%         2d(1-17)  45%         4


Dungeon Overview and Level Annotations

Branches:
Dungeon (2/15)

Altars:

Annotations:
D:2 Sigmund


Innate Abilities, Weirdness & Mutations

You have a pair of small horns on your head.


Message History

You're too confused to move!
Sigmund gestures at you while chanting.
You are more confused.
Sigmund misses you.
You're too confused to cast spells.
You're too confused to move!
You're too confused to cast spells.
Sigmund barely misses you.
You're too confused to cast spells.
Sigmund attacks as you move away! Sigmund misses you.
Sigmund hits you with a +0 scythe.
You're too confused to cast spells.
Sigmund hits you but does no damage.
You feel less confused.
Cast which spell? (? or * to list) Sigmund is struck by an arc of lightning.
Sigmund is lightly wounded.
You are struck by an arc of lightning.
Sigmund is struck by an arc of lightning!
Sigmund is heavily wounded.
You are struck by an arc of lightning.
The lightning grounds out.
Sigmund hits you with a +0 scythe.
Casting: Static Discharge (safe; 13% risk of failure)
Confirm with . or Enter, or press ? or * to list all spells.
Sigmund is struck by an arc of lightning.
Sigmund is heavily wounded.
You are struck by an arc of lightning.
Sigmund is struck by an arc of lightning.
Sigmund is severely wounded.
The lightning grounds out.
Sigmund hits you with a +0 scythe.
* * * LOW HITPOINT WARNING * * *
Magic courses through your body.
Casting: Static Discharge (safe; 13% risk of failure)
Confirm with . or Enter, or press ? or * to list all spells.
Sigmund is struck by an arc of lightning!
Sigmund is almost dead.
You are struck by an arc of lightning.
* * * LOW HITPOINT WARNING * * *
The lightning grounds out.
Sigmund hits you with a +0 scythe!
You die...

#. #!.......
#.###.##.....
#............
#######.........$.
#.................
#............<....
#...............(.
#...@..<..........
#..@..............
#.....#...........
#.....##.........
#....>##########
#....<# #######


You could see Sigmund.

Vanquished Creatures
  2 ball pythons (D:1)
  2 bats (D:1)
  An endoplasm (D:1)
  2 giant cockroaches (D:1)
  3 goblins (D:1)
  3 hobgoblins (D:1)
  2 quokkas (D:1)
  A kobold (D:1)
  A rat (D:1)
17 creatures vanquished.

Notes
Turn   | Place    | Note
-------+----------+-------------------------------------------
     0 | D:1      | xian the Demonspawn Air Elementalist began the quest for
                  | the Orb.
     0 | D:1      | Reached XP level 1. HP: 13/13 MP: 3/3
   283 | D:1      | Reached skill level 3 in Air Magic
   320 | D:1      | Gained mutation: You have a pair of small horns on your
                  | head. [demonic ancestry]
   320 | D:1      | Reached XP level 2. HP: 19/19 MP: 3/5
  1217 | D:2      | Noticed Sigmund
  1332 | D:1      | Learned a level 2 spell: Static Discharge
  1354 | D:2      | Slain by Sigmund

Illustrated notes

Levels and vault maps discovered:
D:1:      saegor_arrival_miasma, layout_basic, minmay_misc_feat_encased
D:2:      layout_rooms, basic_altar, shapermc_ecumenical_altar_venn,
          serial_bayou, serial_bayou_crossing, serial_bayou_shore_a,
          serial_bayou_pond_b, serial_bayou_pond_e, uniq_sigmund, uniq_natasha

Skill      XL: |  1 |
---------------+----+-----
Air Magic      | 3 |  3.2
Dodging        | |  1.7
Stealth        | |  1.8
Unarmed Combat | |  0.2
Spellcasting   | |  2.3
Conjurations   | |  1.0

Action                   || total
-------------------------++-------
Melee: Unarmed           ||     6
       Dagger            ||     3
       Headbutt          ||     1
 Cast: Shock             ||    42
       Static Discharge  ||     3
  Use: Potion            ||     1
Armor: Robe              ||     7
Dodge: Dodged            ||    15
